 Dungeon Crawl Stone Soup version 0.28.0-43-g3370ac3207 (webtiles) character file.

Game seed: 4896121588590608559

177 Peloso the Shield-Bearer (level 5, 42/42 HPs)
             Began as a Minotaur Fighter on Mar 4, 2022.
             Got out of the dungeon alive.
             The game lasted 00:02:15 (1159 turns).

Peloso the Shield-Bearer (Minotaur Fighter)         Turns: 1159, Time: 00:02:16

Health: 42/42      AC:  9    Str: 19 (20) XL:     5   Next: 31%
Magic:  4/4        EV:  9    Int:  4 (5)  God:
Gold:   51         SH:  5    Dex: 10 (12) Spells: 4/4 levels left

rFire   . . .      SeeInvis .   a - +0 long sword
rCold   . . .      Faith    .   c - +0 buckler
rNeg    . . .      Spirit   .   b - +0 scale mail
rPois   .          Reflect  .   (helmet restricted)
rElec   .          Harm     .   (no cloak)
rCorr   .          Rampage  .   (no gloves)
Will    .....                   (no boots)
Stlth   ..........              (no amulet)
HPRegen 0.14/turn               (no ring)
MPRegen 0.09/turn               (no ring)

@: flying
A: horns 2, retaliatory headbutt, iridescent scales 1, frail 1, MP-powered wands
a: no special abilities


You escaped.
You visited 1 branch of the dungeon, and saw 2 of its levels.

You collected 51 gold pieces.

Inventory:

Hand Weapons
 a - a +0 long sword (weapon)
Armour
 b - a +0 scale mail (worn)
 c - a +0 buckler (worn)
Scrolls
 e - a scroll of vulnerability {unknown}
 f - a scroll of identify {unknown}
 h - a scroll of noise {unknown}
 j - a scroll of teleportation {unknown}
 k - a scroll of immolation {unknown}
 m - a scroll of enchant weapon {unknown}


   Skills:
 + Level 4.5 Fighting
 + Level 4.0 Long Blades
 + Level 4.6 Armour
 + Level 0.9 Dodging
 + Level 5.0 Shields


You had 4 spell levels left.
You didn't know any spells.
Your spell library contained the following spells:

 Spells                   Type           Power      Damage    Failure   Level
 Beastly Appendage        Tmut           0%         N/A       91%         1
 Wereblood                Tmut           0%         N/A       97%         2
 Spider Form              Tmut/Pois      0%         N/A       99%         3


Dungeon Overview and Level Annotations

Branches:
Dungeon (2/15)

Altars:


Innate Abilities, Weirdness & Mutations

You have a pair of horns on your head.
You reflexively headbutt those who attack you in melee.
You are partially covered in iridescent scales. (AC +2)
You are frail. (-10% HP)
You expend magic power (3 MP) to strengthen your wands.


Message History

You kill the ball python!
A ball python comes into view.
The ball python hisses angrily.
A ball python is nearby!
A ball python is nearby!
You hit the ball python but do no damage.
You block the ball python's attack. x2
The ball python bites you but does no damage.
The ball python grabs you. The ball python constricts you.
You closely miss the ball python.
The ball python bites you but does no damage.
The ball python constricts you.
You completely miss the ball python. The ball python barely misses you.
The ball python constricts you.
You closely miss the ball python. The ball python barely misses you.
The ball python constricts you. The ball python closely misses you.
The ball python constricts you.
You slash the ball python!
You kill the ball python!
Your Shields skill increases to level 5!
It was a potion of degeneration.
There was something very wrong with that liquid.
You feel weakened.
You feel dopey.
You feel clumsy.
It was a potion of flight.
You feel very buoyant.
You fly up into the air.
It was a potion of mutation.
You feel extremely strange.
You feel your magical essence link to the dungeon's wands.
You feel frail.
Iridescent scales grow over part of your body.
(D) Dungeon
Where to? (Enter - D:12, ? - help)
What level of the Dungeon? (default 1, ? - help)
There is a stone staircase leading up here.
You fly upwards.
There is a stone staircase leading down here.
You see here a +0 leather armour.
There is a staircase leading out of the dungeon here.
Are you sure you want to leave the Dungeon?
This will make you lose the game!
You have escaped!

####### ###.### #.## ##....
#.....# ##.# #..# #####
#.....# #..# ##.# #.....#
#.)#######.## #.....#
#...........## #.....##
##.########..# ####...#
#.###########
#...####.##...+...# ##
##.......##@#.#.#.###### #.
###.###.####.#.####...####.
#.# #.#.........##.......
#.# #.#.##...##.#..#####.
#.# #.#..#...#..#..## #..
#.###.####...####...###>#
#..##.# ##.......[..##.#
##.##.# #########.....#
#..#.# #.(#...


There were no monsters in sight!

Vanquished Creatures
  Sigmund (D:2)
  5 ball pythons
  2 bats
  An endoplasm (D:1)
  2 giant cockroaches (D:2)
  2 goblins (D:2)
  2 frilled lizards
  4 kobolds
  6 rats
25 creatures vanquished.

Notes
Turn   | Place    | Note
-------+----------+-------------------------------------------
     0 | D:1      | Peloso the Minotaur Fighter began the quest for the Orb.
     0 | D:1      | Reached XP level 1. HP: 19/19 MP: 0/0
   161 | D:1      | Reached skill level 4 in Shields
   161 | D:1      | Reached XP level 2. HP: 27/27 MP: 1/1
   929 | D:2      | Noticed Sigmund
   934 | D:2      | Killed Sigmund
   935 | D:2      | Reached XP level 3. HP: 22/34 MP: 2/2
   935 | D:2      | Reached XP level 4. HP: 26/41 MP: 3/3
   935 | D:2      | Reached XP level 5. HP: 30/47 MP: 4/4
  1122 | D:2      | Reached skill level 5 in Shields
  1126 | D:2      | Gained mutation: You expend magic power (3 MP) to
                  | strengthen your wands. [potion of mutation]
  1126 | D:2      | Gained mutation: You are frail. (-10% HP) [potion of
                  | mutation]
  1126 | D:2      | Gained mutation: You are partially covered in iridescent
                  | scales. (AC +2) [potion of mutation]
  1159 | D:$      | Got out of the dungeon alive.

Illustrated notes

Levels and vault maps discovered:
D:1:      onia_arrival_mini_spirals, layout_rooms
D:2:      minmay_door_path, layout_basic, minivault_14, serial_bayou_pond_d,
          uniq_sigmund

Skill      XL: |  1  2  3  4  5 |
---------------+----------------+-----
Shields        | 4 5 |  5.0
Armour         | 4 |  4.6
Fighting       | 4 |  4.5
Long Blades    | 4 |  4.0
Dodging        | |  0.9

Action                   |  1- 3 |  4- 6 || total
-------------------------+-------+-------++-------
Melee: Long sword        |    44 |     6 ||    50
       Headbutt          |     3 |       ||     3
  Use: Potion            |     1 |     3 ||     4
Armor: Scale mail        |    28 |     2 ||    30
Dodge: Dodged            |    12 |     3 ||    15
Block: Buckler           |     6 |     2 ||     8
